 Dungeon Crawl Stone Soup version 0.28-a0-724-g66f9036eb4 (webtiles) character file.

Game seed: 7373055421296796470

27634 Woods the Carver (level 13, -9/101 HPs)
             Began as a Demonspawn Chaos Knight on Oct 27, 2021.
             Was a Plaything of Xom.
             Mangled by a frost giant (38 damage)
             ... in an ice cave.
             The game lasted 00:25:10 (13599 turns).

Woods the Carver (Demonspawn Chaos Knight)         Turns: 13599, Time: 00:25:10

Health: -9/101     AC: 13    Str: 21      XL:     13   Next: 5%
Magic:  14/14      EV: 15    Int: 13 (14) God:    Xom [..*...]
Gold:   845        SH:  0    Dex: 15      Spells: 12/12 levels left

rFire   . . .      SeeInvis +   g - +1 long sword (freeze)
rCold   + . .      Faith    .   (no shield)
rNeg    . . .      Spirit   .   p - +0 ring mail
rPois   .          Reflect  .   M - +0 hat
rElec   +          Harm     .   q - +0 cloak
rCorr   .          Rampage  .   K - +2 pair of gloves
Will    .....      Rage     1%  y - +0 pair of boots
Stlth   +++++.....              h - amulet of the acrobat
HPRegen 1.26/turn               n - ring of see invisible
MPRegen 0.14/turn               (no ring)

@: no status effects
A: yellow scales 2, ignite blood 2, spiny 1, demonic touch 2, hooves 2, horns 2,
thin skeletal structure 1, camouflage 1, berserk 1, cold resistance 1, deformed
body, deterioration 1, high mp 1, passive freeze, regeneration 1, electricity
resistance, strong 2, sturdy frame 1
a: Renounce Religion


You were in an ice cave.
You worshipped Xom.
You were a toy of Xom.
You visited 2 branches of the dungeon, and saw 13 of its levels.
You also visited: Ice Cave.

You collected 869 gold pieces.
You spent 24 gold pieces at shops.

Inventory:

Hand Weapons
 a - a +0 falchion of chaos
 g - a +1 long sword of freezing (weapon)
Missiles
 z - 2 atropa-tipped darts (quivered)
Armour
 b - a +2 leather armour
 p - a +0 ring mail (worn)
 q - a +0 cloak (worn)
 w - the +1 leather armour of Mental Paralysis {rElec rN+++ Int-2 Stlth+}
   (You found it on level 4 of the Dungeon)

   Int:       It affects your intelligence (-2).
   rElec:     It insulates you from electricity.
   rN:        It renders you almost immune to negative energy.
   Stlth:     It makes you more stealthy.
 y - a +0 pair of boots (worn)
 A - a +0 pair of gloves
 F - a +0 troll leather armour
 K - a +2 pair of gloves (worn)
 M - a +0 hat (worn)
Jewellery
 h - an amulet of the acrobat (around neck)
 n - a ring of see invisible (left hand)
 x - a ring of flight
 B - a ring of magical power
Wands
 f - a wand of flame (16)
 E - a wand of iceblast (36)
 I - a wand of polymorph (16)
 J - a wand of mindburst (10)
Scrolls
 c - a scroll of torment {unknown}
 d - 3 scrolls of amnesia
 e - 3 scrolls of magic mapping
 j - 3 scrolls of blinking
 m - 2 scrolls of summoning {unknown}
 o - 7 scrolls of fear
 r - 2 scrolls of immolation
 t - a scroll of vulnerability {unknown}
 u - 4 scrolls of teleportation {unknown}
 v - a scroll of enchant armour {unknown}
 D - 2 scrolls of noise {unknown}
 N - a scroll of fog {unknown}
Potions
 i - a potion of degeneration {unknown}
 k - 2 potions of lignification
 l - 3 potions of mutation {unknown}
 s - a potion of attraction {unknown}
 C - 3 potions of curing {unknown}
 G - a potion of brilliance {unknown}
 L - 2 potions of berserk rage {unknown}
 O - a potion of magic {unknown}
Miscellaneous
 H - a lightning rod (4/4)


   Skills:
 + Level 9.6 Fighting
 + Level 4.6(10.2) Short Blades
 - Level 14.0(14.2) Long Blades
 - Level 8.0 Armour
 - Level 8.0 Dodging
 + Level 5.0 Stealth


You had 12 spell levels left.
You didn't know any spells.
Your spell library contained the following spells:

 Spells                   Type           Power      Damage    Failure   Level
 Beastly Appendage        Tmut           0%         N/A       36%         1
 Sting                    Tmut/Pois      0%         1d3       36%         1
 Poisonous Vapours        Pois/Air       0%         N/A       50%         2
 Wereblood                Tmut           0%         N/A       50%         2
 Ozocubu's Armour         Ice            0%         N/A       75%         3
 Spider Form              Tmut/Pois      0%         N/A       75%         3
 Olgreb's Toxic Radiance  Pois           0%         N/A       98%         4
 Petrify                  Tmut/Erth      0%         N/A       98%         4
 Metabolic Englaciation   Hex/Ice        0%         N/A       100%        5
 Simulacrum               Ice/Necr       0%         N/A       100%        6
 Statue Form              Tmut/Erth      0%         N/A       100%        6


Dungeon Overview and Level Annotations

Branches:
Dungeon (11/15)            Temple (0/1) D:5            Lair (2/6) D:9
  Snake (0/4) Lair:2        IceCv (1/1)
  Swamp: Lair:2-4    Shoals: Lair:2-4       Orc: D:9-12

Altars:
Fedhas
Kikubaaqudgha
Sif Muna
Trog
Uskayaw
Wu Jian
Yredelemnul
Zin
The Shining One

Shops:
D:4 *?([=   D:6 :   D:9 [

Annotations:
D:3 2 runed translucent doors, Leeroy's ghost, amateur MfTm


Innate Abilities, Weirdness & Mutations

You are mostly covered in yellow scales. (AC +3)
Your demonic aura often causes spilled blood to erupt in flames.
You are partially covered in sharp spines.
Your touch may inflict irresistible damage on your foes.
You have hoof-like feet.
You have a pair of horns on your head.
You have a somewhat thin skeletal structure. (Dex +2, Stealth+)
Your skin changes colour to match your surroundings (Stealth+).
You tend to lose your temper in combat.
Your flesh is cold resistant. (rC+)
Armour fits poorly on your strangely shaped body.
Your body sometimes deteriorates upon taking damage.
You have an increased reservoir of magic. (+10% MP)
A frigid envelope surrounds you and freezes all who hurt you.
Your natural rate of healing is unusually fast.
You are resistant to electric shocks. (rElec)
Your muscles are very strong. (Str +4)
Your movements are slightly less encumbered by armour. (ER -2)


Message History

You hit the death yak but do no damage.
The death yak is moderately wounded.
You hit the death yak. You freeze the death yak.
You headbutt the death yak, but do no damage.
The death yak is moderately wounded.
Xom does a drum roll.
You hear an angry growl.
The death yak is engulfed in blazing flames.
The death yak closely misses you.
You hit the death yak. You freeze the death yak.
The death yak is heavily wounded.
The death yak is engulfed in blazing flames. x2
The death yak gores you!
The death yak is very cold.
The death yak is almost dead.
You hit the death yak but do no damage.
The death yak is almost dead. "There, this looks better."
The polar bear is engulfed in blazing flames.
The death yak is engulfed in blazing flames.
The death yak is struck by your spines.
The death yak gores you but does no damage.
The death yak is very cold.
You kill the death yak!
Your Stealth skill increases to level 5!
There is a shimmering altar of Xom, spattered with blood here.
You hit the frost giant.
You touch the frost giant!
The frost giant is heavily wounded.
You slash the frost giant!
The frost giant is heavily wounded.
The frost giant is engulfed in blazing flames.
The frost giant is struck by your spines.
The frost giant hits you with a +0 battleaxe of freezing!
The frost giant freezes you.
* * * LOW HITPOINT WARNING * * *
The frost giant completely resists.
You slash the frost giant! You headbutt the frost giant.
The frost giant is almost dead.
The frost giant is engulfed in blazing flames.
The frost giant hits you with a +0 battleaxe of freezing!!!
You die...

$.## #.## ###h.
#####..# ##...##
###....###
#..hYY###...#....###
##.h.###..####.....##
##h.h##..#####.....##
###†Y##†..######..†.
#.C###..⌠..# ##.†.
##.##@#.#..[## ###.
#≈. ##○######
######## # ≈######
###....##. ≈≈#≈≈
###...#....# ##≈≈≈
###....#######
#≈≈≈###...####
#.##...## ##.....##
## ##.#.....## #.


You could see a frost giant.

Vanquished Creatures
  Gastronok (Lair:1)
  A minotaur (Lair:2)
  A centaur warrior (D:10)
  A death knight (D:9)
  2 two-headed ogres (D:11)
  6 death yaks
  A phantasmal warrior (D:9)
  A manticore (shapeshifter) (D:8)
  A deep elf pyromancer (D:9)
  An ugly thing (IceCv)
  A cyclops (D:11)
  A black mamba (Lair:2)
  An ice statue (IceCv)
  4 cane toads (Lair:1)
  Psyche (D:10)
  2 ice devils (Lair:2)
  A yaktaur (shapeshifter) (D:9)
  3 trolls
  7 polar bears
  A slime creature (D:9)
  A wraith (D:11)
  2 shadows
  2 wyverns
  30 yaks
  2 basilisks
  A human (shapeshifter) (D:9)
  A steam dragon (D:9)
  Menkaure (D:7)
  An acid dragon (D:5)
  A naga (Lair:2)
  9 water moccasins
  2 orc warriors (D:9)
  6 black bears
  3 ice beasts
  2 sky beasts
  A necrophage (D:5)
  3 ogres
  4 centaurs
  15 wolves
  2 kobold brigands (D:9)
  7 bullfrogs
  A wyvern zombie (D:7)
  A scorpion (D:5)
  A wyvern skeleton (D:7)
  4 killer bees (D:7)
  5 wights (D:10)
  6 howler monkeys
  2 bullfrog zombies
  4 centaur zombies
  2 centaur skeletons (D:7)
  A hound (D:5)
  A jelly (D:7)
  2 orc priests
  2 bullfrog skeletons
  4 iguanas
  6 orc wizards
  A hound skeleton (D:5)
  2 howler monkey zombies
  A howler monkey skeleton (D:6)
  10 adders
  A white imp (D:7)
  2 ufetubi
  An adder skeleton (D:4)
  2 dart slugs (D:2)
  19 orcs
  4 bats
  5 endoplasms
  4 giant cockroaches
  9 goblins
  2 hobgoblins
  3 jackals (D:1)
  A quokka (D:2)
  4 ball pythons
  7 frilled lizards
  14 kobolds
  4 rats
  A spectral orc (D:10)
273 creatures vanquished.

Vanquished Creatures (collateral kills)
  2 polar bears (IceCv)
  2 wraiths (D:9)
4 creatures vanquished.

Vanquished Creatures (others)
  A dancing weapon (D:9)
  A skeletal warrior (D:9)
  61 fungi
  63 plants
126 creatures vanquished.

Grand Total: 403 creatures vanquished

Notes
Turn   | Place    | Note
-------+----------+-------------------------------------------
     0 | D:1      | Woods the Demonspawn Chaos Knight began the quest for the
                  | Orb.
     0 | D:1      | Reached XP level 1. HP: 18/18 MP: 1/1
    49 | D:1      | XOM: potion effect (curing)
    82 | D:1      | XOM: silly message
   102 | D:1      | XOM: butterfly on damage
   104 | D:1      | Reached skill level 3 in Long Blades
   207 | D:1      | XOM: silly message
   263 | D:1      | Gained mutation: Your touch may inflict minor irresistible
                  | damage on your foes. [demonic ancestry]
   263 | D:1      | Reached XP level 2. HP: 24/24 MP: 2/2
   882 | D:2      | Gained mutation: You are partially covered in yellow
                  | scales. (AC +2) [demonic ancestry]
   882 | D:2      | Reached XP level 3. HP: 29/29 MP: 3/3
   907 | D:2      | XOM: silly message
  1372 | D:2      | Reached skill level 4 in Long Blades
  1433 | D:2      | Found a faded altar of an unknown god.
  1854 | D:3      | Found a large runed translucent door.
  1854 | D:3      | Found a large runed translucent door.
  1858 | D:3      | Noticed Leeroy's ghost (amateur MfTm)
  1888 | D:3      | Reached XP level 4. HP: 21/35 MP: 4/4
  2117 | D:3      | Noticed an ogre
  2119 | D:3      | XOM: cast spell 'Olgreb's Toxic Radiance'
  2122 | D:3      | Killed an ogre
  2123 | D:3      | Reached skill level 5 in Long Blades
  2123 | D:3      | Reached XP level 5. HP: 28/41 MP: 5/5
  2369 | D:3      | XOM: give mutations
  2369 | D:3      | Gained mutation: You have large cloven feet. [Xom's grace]
  2369 | D:3      | Gained mutation: Your muscles are strong. (Str +2) [Xom's
                  | grace]
  2369 | D:3      | Gained mutation: You possess an exceptional clarity of
                  | mind. [Xom's grace]
  2369 | D:3      | Gained mutation: Your flesh is cold resistant. (rC+) [Xom's
                  | grace]
  2463 | D:3      | Found a hide-covered altar of Uskayaw.
  2477 | D:3      | Reached skill level 6 in Long Blades
  3212 | D:4      | Found Ziunumetz's Magic Scroll Emporium.
  3218 | D:4      | Bought a scroll of identify for 24 gold pieces
  3251 | D:4      | XOM: 2-stop teleportation journey
  3256 | D:4      | XOM: give mutations
  3256 | D:4      | Gained mutation: You have a somewhat thin skeletal
                  | structure. (Dex +2, Stealth+) [Xom's grace]
  3256 | D:4      | Gained mutation: Your skin changes colour to match your
                  | surroundings (Stealth+). [Xom's grace]
  3256 | D:4      | Gained mutation: A frigid envelope surrounds you and
                  | freezes all who hurt you. [Xom's grace]
  3256 | D:4      | Gained mutation: You are resistant to electric shocks.
                  | (rElec) [Xom's grace]
  3289 | D:4      | XOM: 1-stop teleportation journey
  3329 | D:4      | Gained mutation: Your demonic aura sometimes causes spilled
                  | blood to erupt in flames. [demonic ancestry]
  3329 | D:4      | Reached XP level 6. HP: 43/47 MP: 6/6
  3469 | D:4      | Found Nuol's Antique Armour Shop.
  3498 | D:4      | Found Dihus's Jewellery Emporium.
  3534 | D:4      | Found Retravy's Antique Weapon Boutique.
  3625 | D:4      | Found Verrim Qaev's Assorted Antiques.
  3647 | D:4      | Identified the +1 leather armour of Mental Paralysis {rElec
                  | rN+++ Int-2 Stlth+}
  3698 | D:4      | XOM: scenery: 1 doors open, 1 doors close
  3924 | D:4      | XOM: butterfly on damage
  4034 | D:4      | XOM: scenery: summon butterflies
  4199 | D:5      | Entered Level 5 of the Dungeon
  4206 | D:5      | Reached skill level 7 in Long Blades
  4217 | D:5      | Gained mutation: You are mostly covered in yellow scales.
                  | (AC +3) [demonic ancestry]
  4217 | D:5      | Reached XP level 7. HP: 50/52 MP: 7/7
  4263 | D:5      | XOM: cleaving
  4266 | D:5      | XOM: potion effect (invisibility)
  4268 | D:5      | XOM: polymorph ice beast -> acid dragon
  4271 | D:5      | XOM: fog
  4277 | D:5      | Reached skill level 8 in Long Blades
  4317 | D:5      | Found a staircase to the Ecumenical Temple.
  4526 | D:5      | XOM: summons 4 hostile shadow creatures
  4922 | D:6      | Found Perrim's Self-Improvement Boutique.
  4943 | D:6      | XOM: divination: detect items
  5004 | D:6      | Noticed a shadow
  5009 | D:6      | Reached skill level 9 in Long Blades
  5009 | D:6      | Reached XP level 8. HP: 53/58 MP: 8/8
  5016 | D:6      | XOM: summons friendly white imp
  5129 | D:6      | XOM: 1-stop teleportation journey
  5306 | D:6      | Reached skill level 10 in Long Blades
  5355 | D:6      | XOM: silly message
  5493 | D:6      | XOM: blink monster(s)
  5650 | D:6      | XOM: noise
  5771 | D:7      | Noticed Menkaure
  5775 | D:7      | XOM: divination: detect items
  5777 | D:7      | Killed Menkaure
  6049 | D:7      | Reached skill level 11 in Long Blades
  6055 | D:7      | XOM: divination: detect items
  6059 | D:7      | XOM: potion effect (curing)
  6062 | D:7      | Gained mutation: Your demonic aura often causes spilled
                  | blood to erupt in flames. [demonic ancestry]
  6062 | D:7      | Reached XP level 9. HP: 61/63 MP: 9/9
  6247 | D:7      | XOM: potion effect (might)
  6290 | D:7      | XOM: noise
  6533 | D:7      | Reached skill level 12 in Long Blades
  6814 | D:7      | Identified the +0 ring mail "Gafiwem" {rC- Str+4 SInv
                  | Stlth+}
  6850 | D:8      | Noticed a two-headed ogre
  6851 | D:8      | Noticed a torpor snail
  6851 | D:8      | a two-headed ogre changed into a torpor snail
  6851 | D:8      | XOM: polymorph two-headed ogre -> torpor snail
  6851 | D:8      | Noticed a troll
  6852 | D:8      | XOM: cast spell 'Summon Ice Beast'
  6854 | D:8      | Noticed a glowing shapeshifter
  6854 | D:8      | a torpor snail changed into a glowing shapeshifter
  6854 | D:8      | XOM: polymorph torpor snail -> glowing shapeshifter
  6854 | D:8      | Noticed a manticore
  6854 | D:8      | a glowing shapeshifter changed into a manticore
  6860 | D:8      | XOM: summons 6 friendly demons
  6865 | D:8      | Killed a troll
  6866 | D:8      | Killed a manticore
  6894 | D:8      | Noticed a troll
  6895 | D:8      | XOM: summons 9 friendly demons
  6898 | D:8      | Killed a troll
  6899 | D:8      | Reached skill level 13 in Long Blades
  7107 | D:8      | XOM: potion effect (invisibility)
  7120 | D:8      | XOM: fake destruction
  7134 | D:8      | Reached XP level 10. HP: 45/70 MP: 10/10
  7248 | D:8      | XOM: god gift: 40 gold pieces
  7589 | D:8      | XOM: god gift: lightning rod (4/4)
  7789 | D:8      | XOM: god gift: flail {god gift}
  7942 | D:8      | Found a bloodstained altar of Trog.
  7942 | D:8      | Found an ornate altar of the Wu Jian Council.
  7942 | D:8      | Found a shimmering blue altar of Sif Muna.
  8021 | D:8      | XOM: god gift: 25 gold pieces
  8052 | D:9      | XOM: summons 2 friendly demons
  8211 | D:9      | Noticed a tengu warrior
  8220 | D:9      | a tengu warrior changed into a shapeshifter
  8220 | D:9      | XOM: polymorph tengu warrior -> shapeshifter
  8224 | D:9      | Reached skill level 14 in Long Blades
  8224 | D:9      | Reached skill level 1 in Dodging
  8390 | D:9      | Noticed a death knight
  8390 | D:9      | Noticed a phantasmal warrior
  8393 | D:9      | XOM: summons 2 friendly demons
  8396 | D:9      | Killed a phantasmal warrior
  8400 | D:9      | Noticed a skeletal warrior
  8402 | D:9      | XOM: butterfly on damage
  8428 | D:9      | XOM: divination: magic mapping
  8440 | D:9      | XOM: scenery: 2 doors open, 2 doors close
  8896 | D:9      | XOM: snakes to sticks
  8909 | D:9      | XOM: enchant monster (bad)
  8943 | D:9      | Reached skill level 5 in Fighting
  8943 | D:9      | XOM: summons friendly iron imp
  8958 | D:9      | XOM: 3-stop teleportation journey
  9012 | D:9      | XOM: 5-stop teleportation journey
  9032 | D:9      | XOM: give mutations
  9032 | D:9      | Gained mutation: Your body sometimes deteriorates upon
                  | taking damage. [Xom's mischief]
  9032 | D:9      | Gained mutation: Armour fits poorly on your strangely
                  | shaped body. [Xom's mischief]
  9032 | D:9      | Gained mutation: You sometimes lose the ability to read
                  | scrolls when taking damage. [Xom's mischief]
  9032 | D:9      | Lost mutation: You sometimes lose the ability to read
                  | scrolls when taking damage. [Xom's mischief]
  9107 | D:9      | XOM: stat loss: -1 Dex (14/15)
  9424 | D:9      | Noticed a deep elf pyromancer
  9432 | D:9      | Killed a deep elf pyromancer
  9433 | D:9      | Gained mutation: You are partially covered in sharp spines.
                  | [demonic ancestry]
  9433 | D:9      | Reached XP level 11. HP: 12/80 MP: 11/11
  9435 | D:9      | HP: 2/80 [slime creature (11)]
  9693 | D:9      | XOM: torment (32/80 hp)
  9876 | D:9      | XOM: give mutations
  9876 | D:9      | Lost mutation: Your body sometimes deteriorates upon taking
                  | damage. [Xom's mischief]
  9876 | D:9      | Gained mutation: Your body sometimes deteriorates upon
                  | taking damage. [Xom's mischief]
  9876 | D:9      | Lost mutation: You possess an exceptional clarity of mind.
                  | [Xom's mischief]
  9876 | D:9      | Gained mutation: You tend to lose your temper in combat.
                  | [Xom's mischief]
  9948 | D:9      | Found a staircase to the Lair.
  9952 | D:9      | XOM: scenery: 1 doors close
  9955 | D:9      | XOM: destruction
  9967 | D:9      | XOM: cleaving
  9971 | D:9      | Killed a skeletal warrior
  9971 | D:9      | XOM: divine lightning
  9985 | D:9      | Killed a death knight
 10350 | D:9      | Found Motz's Armour Emporium.
 10467 | D:10     | Entered Level 10 of the Dungeon
 10532 | D:10     | Found an ancient bone altar of Kikubaaqudgha.
 10538 | D:10     | Found a blossoming altar of Fedhas.
 10575 | D:10     | Found a basalt altar of Yredelemnul.
 10885 | D:10     | Noticed Psyche
 10885 | D:10     | XOM: 1-stop teleportation journey
 10891 | D:10     | Killed Psyche
 10892 | D:10     | Reached skill level 5 in Armour
 10910 | D:10     | XOM: scenery: 1 doors open
 10916 | D:10     | Reached skill level 5 in Dodging
 11070 | D:10     | Noticed a centaur warrior
 11078 | D:10     | Killed a centaur warrior
 11319 | D:11     | Noticed a skeletal warrior
 11324 | D:11     | Noticed a two-headed ogre
 11324 | D:11     | XOM: 6-stop teleportation journey
 11329 | D:11     | XOM: scenery: summon butterflies
 11336 | D:11     | Noticed a two-headed ogre
 11339 | D:11     | XOM: divination: magic mapping
 11343 | D:11     | Noticed a white ugly thing
 11347 | D:11     | Killed a two-headed ogre
 11347 | D:11     | Noticed a phantasmal warrior
 11348 | D:11     | Noticed a death knight
 11604 | D:10     | XOM: give mutations
 11604 | D:10     | Gained mutation: You have a pair of small horns on your
                  | head. [Xom's grace]
 11604 | D:10     | Gained mutation: You have a pair of horns on your head.
                  | [Xom's grace]
 11604 | D:10     | Gained mutation: Your natural rate of healing is unusually
                  | fast. [Xom's grace]
 11644 | D:11     | XOM: smoke on damage
 11644 | D:11     | Killed a two-headed ogre
 11645 | D:11     | XOM is BORED!
 11645 | D:11     | XOM: confusion (+ monsters)
 11649 | D:11     | XOM: divination: detect creatures
 11656 | D:11     | Noticed a two-headed ogre
 11755 | Lair:1   | Entered Level 1 of the Lair of Beasts
 11758 | Lair:1   | XOM: cleaving
 11811 | Lair:1   | Noticed Gastronok
 11912 | Lair:1   | XOM: enchant monster (good)
 11941 | Lair:1   | XOM: give mutations
 11941 | Lair:1   | Gained mutation: Your movements are slightly less
                  | encumbered by armour. (ER -2) [Xom's grace]
 11941 | Lair:1   | Gained mutation: Your muscles are very strong. (Str +4)
                  | [Xom's grace]
 11948 | Lair:1   | XOM: cloud trail
 12234 | Lair:1   | Killed Gastronok
 12235 | Lair:1   | Gained mutation: Your touch may inflict irresistible damage
                  | on your foes. [demonic ancestry]
 12235 | Lair:1   | Reached XP level 12. HP: 82/92 MP: 12/12
 12531 | Lair:2   | XOM: polymorph yak -> black mamba
 12533 | Lair:2   | XOM: confuse monster(s)
 12546 | Lair:2   | Found a staircase to the Snake Pit.
 12563 | Lair:2   | XOM: confuse monster(s)
 12676 | Lair:2   | Found a frozen archway.
 12685 | Lair:2   | XOM: god gift: 59 gold pieces
 12725 | Lair:2   | Noticed a death yak
 12725 | Lair:2   | Noticed a death yak
 12725 | Lair:2   | Noticed a death yak
 12725 | Lair:2   | Noticed a death yak
 12725 | Lair:2   | Noticed a death yak
 12737 | Lair:2   | Killed a death yak
 12740 | Lair:2   | Noticed a minotaur
 12740 | Lair:2   | a death yak changed into a minotaur
 12740 | Lair:2   | XOM: polymorph death yak -> minotaur
 12741 | Lair:2   | XOM: cleaving
 12744 | Lair:2   | Killed a minotaur
 12798 | Lair:2   | Noticed a death yak
 12807 | Lair:2   | Killed a death yak
 12808 | Lair:2   | Reached skill level 1 in Short Blades
 12808 | Lair:2   | Reached skill level 1 in Stealth
 12816 | Lair:2   | XOM: fog
 12819 | Lair:2   | Killed a death yak
 12823 | Lair:2   | Killed a death yak
 12825 | Lair:2   | Killed a death yak
 12852 | Lair:2   | XOM: give mutations
 12852 | Lair:2   | Gained mutation: You have hoof-like feet. [Xom's grace]
 12852 | Lair:2   | Gained mutation: You have an increased reservoir of magic.
                  | (+10% MP) [Xom's grace]
 12872 | IceCv    | Entered an ice cave
 12927 | IceCv    | XOM: cast spell 'Summon Ice Beast'
 12977 | IceCv    | XOM: scenery: summon butterflies
 13001 | IceCv    | Noticed a death yak
 13001 | IceCv    | Noticed a frost giant
 13001 | IceCv    | Noticed a death yak
 13001 | IceCv    | Noticed a death yak
 13001 | IceCv    | XOM: 8-stop teleportation journey
 13008 | IceCv    | XOM: potion effect (invisibility)
 13203 | IceCv    | XOM: cleaving
 13205 | IceCv    | XOM: cast spell 'Summon Dragon'
 13546 | IceCv    | Reached XP level 13. HP: 97/101 MP: 14/14
 13593 | IceCv    | XOM: noise
 13595 | IceCv    | XOM: scenery: create altars
 13596 | IceCv    | Reached skill level 5 in Stealth
 13599 | IceCv    | Mangled by a frost giant

Illustrated notes

Levels and vault maps discovered:
D:1:      dpeg_chamrin_arrival_tetris, layout_rooms, serial_forest,
          infiniplex_forest_fountain, infiniplex_forest_straight_4,
          infiniplex_forest_straight_2, infiniplex_forest_zigzag_1,
          infiniplex_forest_end_1, infiniplex_forest_straight_4,
          infiniplex_forest_clump_double
D:2:      layout_loops_ring, basic_ecumenical_altar, nicolae_underground_beach
D:3:      layout_loops_ring, nicolae_uskayaw_dance_hall,
          ebering_ghost_disaster_area, wander_ebering_terrifying_dragon_lair
D:4:      layout_loops_ring, serial_shops, shop, shop, nicolae_diamond_shop,
          nicolae_take_the_stairs, kennysheep_mini, corexii_shack,
          dk_noncrumbling_3
D:5:      layout_rooms, minmay_temple_entry_water_ring
D:6:      layout_basic, zin_statuary, nicolae_overflow_hidden_temple,
          hangedman_glass_teeth, nicolae_shop_self_help
D:7:      layout_loops_ring, uniq_menkaure
D:8:      layout_basic, gammafunk_temple_overflow_claw
D:9:      minmay_tri_box, layout_basic, due_lair_maze_entry_diamond,
          serial_shops, shop
D:10:     layout_irregular_city, yredelemnul_forgotten_temple_becter,
          grunt_temple_overflow_growth_and_decay, uniq_psyche
D:11:     layout_rooms, lemuel_another_geyser
Lair:1:   layout_roguey, uniq_gastronok
Lair:2:   layout_loops_ring, guppyfry_snake_entry_island,
          portal_ice_cave_demonic_guard, lemuel_fruit_fields
IceCv:    ice_cave_caverns_01

Skill      XL: |  1  2  3  4  5  6  7  8  9 10 11 12 13 |
---------------+----------------------------------------+-----
Long Blades    | 3 4 5 6 7 9 11 13 14 | 14.0
Dodging        | 4 6 8 |  8.0
Armour         | 4 7 8 |  8.0
Fighting       | 5 8 9 |  9.6
Short Blades   | 4 |  4.6
Stealth        | 4 5 |  5.0

Action                   |  1- 3 |  4- 6 |  7- 9 | 10-12 | 13-15 || total
-------------------------+-------+-------+-------+-------+-------++-------
Melee: Falchion          |    92 |    73 |   184 |   122 |       ||   471
       Touch             |    11 |    14 |    43 |   101 |     3 ||   172
       Kick              |       |    16 |    14 |       |       ||    30
       Long sword        |       |       |       |   290 |    15 ||   305
       Headbutt          |       |       |       |    72 |     3 ||    75
  Use: Scroll            |       |     2 |     4 |     2 |       ||     8
       Potion            |       |       |       |     3 |       ||     3
 Stab: Paralysed         |     1 |       |     2 |     1 |       ||     4
       Sleeping          |       |     5 |     6 |     9 |       ||    20
       Petrified         |       |     1 |       |       |       ||     1
       Invisible         |       |       |     8 |     4 |       ||    12
       Confused          |       |       |       |     8 |       ||     8
       Distracted        |       |       |       |     2 |       ||     2
Armor: Leather armour    |    32 |     1 |       |       |       ||    33
       Ring mail         |       |    19 |    53 |    75 |     3 ||   150
Dodge: Dodged            |    55 |    35 |    90 |   223 |     5 ||   408

Table legend: (Time is in decaauts)
 A = Elapsed time spent in this place.
 B = Non-inter-level travel time spent in this place.
 C = Inter-level travel time spent in this place.
 D = Time resting spent in this place.
 E = Time spent auto-exploring this place.
 F = Levels seen in this place.
 G = Mean time per level.
                   A        B        C        D        E       F      G
               +--------+--------+--------+--------+--------+-----+--------+
         Total |  13449 |  13065 |    384 |   3267 |   7381 |  14 |  960.6 |
       Dungeon |  11657 |  11321 |    336 |   3102 |   6341 |  11 | 1059.7 |
          Lair |   1098 |   1051 |     47 |     63 |    656 |   2 |  549.0 |
      Ice Cave |    694 |    694 |      0 |    102 |    383 |   1 |  694.0 |
               +--------+--------+--------+--------+--------+-----+--------+

Top non-repeatable levels by time:
     D:9: 2136 daAuts
     D:3: 1480 daAuts
     D:8: 1446 daAuts
     D:4: 1209 daAuts
    D:10: 1175 daAuts
     D:6: 1057 daAuts
     D:2: 922 daAuts
     D:7: 832 daAuts
     D:1: 810 daAuts
  Lair:1: 739 daAuts
   IceCv: 694 daAuts
     D:5: 509 daAuts
  Lair:2: 359 daAuts
    D:11: 76 daAuts
